 Dungeon Crawl Stone Soup version 0.19-a0-1007-g133f65f (webtiles) character file.

11690 epen the Transmogrifier (level 11, -3/92 HPs)
             Began as a White Draconian Transmuter on July 20, 2016.
             Was a High Priest of Uskayaw.
             Killed from afar by an ogre mage (43 damage)
             ... with a bolt of cold
             ... in a volcano.
             The game lasted 00:25:22 (13323 turns).

epen the Transmogrifier (DrTm)                     Turns: 13323, Time: 00:25:23

Health: -3/92      AC: 11    Str: 18    XL:     11   Next: 52%
Magic:  20/24      EV: 15    Int: 17    God:    Uskayaw [*****.]
Gold:   688        SH:  6    Dex: 12    Spells: 4 memorised, 14 levels left

rFire  + . .     SeeInvis .       - Unarmed
rCold  . . .     Gourm    .     (armour unavailable)
rNeg   . . .     Faith    .     (no shield)
rPois  .         Spirit   .     (helmet restricted)
rElec  .         Dismiss  .     (no cloak)
rCorr  .         Reflect  +     H - +2 pair of gloves
SustAt .         Harm     .     h - +0 pair of boots
MR     .....                    k - +6 amulet of reflection
Stlth  +.........               v - +6 ring of strength
                                D - ring of fire

@: short of breath, not resistant to hostile enchantments, very unstealthy
A: breathe frost, unfitting armour, cold resistance 1, cold-blooded, AC +7
a: Breathe Frost, Stomp, Line Pass, Grand Finale, Renounce Religion


You were in a volcano.
You worshipped Uskayaw.
Uskayaw was noncommittal.
You were hungry.

You visited 3 branches of the dungeon, and saw 13 of its levels.
You also visited: Volcano.

You collected 688 gold pieces.

Inventory:

Missiles
 a - 198 arrows
Armour
 h - a +0 pair of boots (worn)
 C - a +2 pair of gloves
 H - a +2 pair of gloves (worn)
Jewellery
 g - an uncursed amulet of harm
 k - a +6 amulet of reflection (around neck)
 u - an uncursed ring of protection from cold
 v - a +6 ring of strength (right hand)
 D - a ring of fire (left hand)
 P - an uncursed ring of resist corrosion
Wands
 m - a wand of flame (23/48)
 x - a wand of lightning (2/15)
 A - a wand of lightning (8/15)
 E - a wand of flame (25/48)
 J - a wand of lightning (4/15)
 S - a wand of enslavement (13/24)
Scrolls
 d - a scroll of magic mapping
 j - a scroll of teleportation
 l - a scroll of enchant weapon
 p - 3 scrolls of remove curse
 y - 3 scrolls of enchant armour
 G - a scroll of fog
 O - a scroll of recharging
Potions
 e - a potion of haste
 f - a potion of mutation {unknown}
 n - 2 potions of might
 q - 3 potions of lignification
 s - a potion of heal wounds
 t - 2 potions of ambrosia
 w - a potion of invisibility
 z - a potion of flight {unknown}
 B - 2 potions of magic
 F - 2 potions of cure mutation
 I - a potion of degeneration {unknown}
 R - a potion of curing
Books
 b - a book of Changes

   Spells                             Type                      Level
   a - Beastly Appendage              Transmutation                1
   b - Sticks to Snakes               Transmutation                2
   c - Spider Form                    Transmutation/Poison         3
   d - Ice Form                       Ice/Transmutation            4
   e - Blade Hands                    Transmutation                5
 K - a book of Dreams

   Spells                             Type                      Level
   a - Ensorcelled Hibernation        Hexes/Ice                    2
   b - Silence                        Hexes/Air                    5
   c - Darkness                       Hexes                        6
   d - Shadow Creatures               Summoning                    6
Comestibles
 c - 7 bread rations
 i - 13 slices of pizza
 o - 7 meat rations
 r - 3 fruits


   Skills:
 + Level 7.6 Fighting
 + Level 6.7 Dodging
 + Level 7.7 Unarmed Combat
 * Level 9.1 Spellcasting
 * Level 10.3 Transmutations
 + Level 1.2 Invocations


You had 14 spell levels left.
You knew the following spells:

 Your Spells              Type           Power        Failure   Level  Hunger
a - Blade Hands           Tmut           #####.....   4%          5    #####..
b - Sticks to Snakes      Tmut           #####...     1%          2    None
c - Spider Form           Tmut/Pois      ####......   4%          3    None
d - Ice Form              Ice/Tmut       ####....     14%         4    ###....


Dungeon Overview and Level Annotations

Branches:
Dungeon (10/15)            Temple (1/1) D:7            Lair (2/6) D:9
    Orc (0/2) D:10
  Swamp: Lair:2-4    Shoals: Lair:2-4     Snake: Lair:2-4    Spider: Lair:2-4

Altars:
Ashenzari
Cheibriados
Dithmenos
Elyvilon
Fedhas
Gozag
Hepliaklqana
Kikubaaqudgha
Makhleb
Nemelex Xobeh
Okawaru
Pakellas
Qazlal
Ru
Sif Muna
Trog
Uskayaw
Vehumet
Xom
Yredelemnul
Zin
The Shining One

Shops:
D:4 ?   D:5 }:   D:7 =


Innate Abilities, Weirdness & Mutations

You can breathe waves of freezing cold.
You can buffet flying creatures when you breathe cold.
Your icy white scales are hard. (AC +7)
Your body does not fit into most forms of armour.
Your flesh is cold resistant. (rC+)
You are cold-blooded and may be slowed by cold attacks.


Message History

Aim: an ogre mage, wielding a spear of flaming and wearing a robe of fire resistance (severely wounded)
You exhale a wave of freezing cold.
The freezing breath hits the ogre mage.
The ogre mage is almost dead.
You are feeling hungry.
You block the fire bat's attack. The ogre mage casts a spell at you.
The bolt of cold hits you!
The fire bat bites you but does no damage.
The ogre mage casts a spell.
The ogre mage blinks!
The fire bat closely misses you.
Found a bloodstained altar of Trog.
Found a rocky tunnel leading out of this place.
Items here: )))) † a great mace of flaming x4; a hill giant corpse Your hands revert to their normal proportions.
Your +2 pair of gloves unmelds from your body.
The fire bat barely misses you.
The ogre mage points at you and mumbles some strange words.
The bolt of cold hits you!
You die...

#######
.....#
####....#
##.......#
#._......+
.O.....#
#####....#
#∩.....@.#
########b#
#'# ## #.#
... ##.##
....
#8.8###....
##...#......
#........≈§.
##.......≈≈≈.


You could see an ogre mage and a fire bat.

Vanquished Creatures
  3 hill giants
  Pikel (D:8)
  An elephant (D:9)
  2 black mambas (Lair:1)
  Psyche (D:9)
  3 spiny frogs
  A komodo dragon (Lair:1)
  Grinder (D:5)
  A two-headed ogre (Volcano)
  A wyvern (D:9)
  Sigmund (D:3)
  Eustachio (D:5)
  A human (D:9)
  6 yaks (Lair:1)
  A hungry ghost (D:6)
  A hippogriff (Lair:1)
  9 water moccasins (Lair:1)
  Duvessa (D:4)
  2 hell hounds (Lair:2)
  3 porcupines (Lair:1)
  An orc warrior (D:8)
  4 sky beasts
  A black bear (D:8)
  A necrophage (D:9)
  A wasp (D:9)
  3 slaves (D:8)
  3 ogres
  3 centaurs
  2 crocodiles (Lair:1)
  3 big kobolds
  7 giant frogs
  Dowan (D:4)
  3 scorpions
  A howler monkey (D:5)
  4 wights (D:8)
  A centaur zombie (D:10)
  5 crimson imps
  A quasit (D:5)
  4 orc wizards
  2 orc priests
  7 hounds
  A jelly (D:10)
  A gnoll shaman (D:5)
  Jessica (D:3)
  A giant frog skeleton (D:8)
  Terence (D:3)
  An iguana (D:8)
  5 worker ants
  6 sheep (D:9)
  A hound zombie (D:7)
  3 hound skeletons
  A howler monkey zombie (D:6)
  A worker ant zombie (D:9)
  5 gnolls (D:5)
  12 adders
  3 shadow imps
  2 oozes
  8 worms
  5 dart slugs
  4 giant geckos
  23 orcs
  2 ball pythons (D:3)
  7 giant cockroaches
  11 goblins
  6 hobgoblins
  12 jackals
  3 quokkas
  5 bats
  A giant cockroach zombie (D:5)
  A giant gecko zombie (D:3)
  4 giant newts
  11 kobolds
  A quokka zombie (D:5)
  7 rats
255 creatures vanquished.

Vanquished Creatures (others)
  A slave (D:8)
  A giant frog (D:8)
  3 kobolds (D:8)
  A plant (Lair:1)
6 creatures vanquished.

Grand Total: 261 creatures vanquished

Notes
Turn   | Place    | Note
-------+----------+-------------------------------------------
     0 | D:1      | epen the Draconian Transmuter began the quest for the Orb.
     0 | D:1      | Reached XP level 1. HP: 16/16 MP: 3/3
   306 | D:1      | Reached XP level 2. HP: 23/23 MP: 5/5
   888 | D:1      | Reached XP level 3. HP: 25/28 MP: 6/6
   892 | D:1      | Learned a level 2 spell: Sticks to Snakes
   896 | D:1      | Learned a level 3 spell: Spider Form
  1903 | D:2      | Reached skill level 3 in Transmutations
  1927 | D:2      | Reached XP level 4. HP: 20/35 MP: 3/7
  2254 | D:3      | Noticed a giant frog
  2265 | D:3      | Killed a giant frog
  2265 | D:3      | Reached XP level 5. HP: 20/41 MP: 7/9
  2843 | D:3      | Noticed Sigmund
  3168 | D:4      | Noticed Dowan
  3170 | D:4      | Noticed Duvessa
  3203 | D:3      | Noticed Jessica
  3211 | D:3      | Found a burning altar of Makhleb.
  3214 | D:3      | Killed Jessica
  3360 | D:3      | Killed Sigmund
  3360 | D:3      | Reached skill level 4 in Transmutations
  3360 | D:3      | Reached XP level 6. HP: 34/50 MP: 7/11
  3742 | D:3      | Noticed Terence
  3753 | D:3      | Killed Terence
  3984 | D:4      | Killed Duvessa
  3984 | D:4      | Your scales start taking on an icy white colour.
  3984 | D:4      | Reached XP level 7. HP: 20/56 MP: 9/12
  3984 | D:4      | Gained mutation: Your flesh is cold resistant. (rC+) [White Draconian growth]
  3985 | D:4      | Killed Dowan
  4187 | D:4      | Learned a level 5 spell: Blade Hands
  4211 | D:4      | Found Esiolenlai's Magic Scroll Shop.
  4833 | D:5      | Entered Level 5 of the Dungeon
  4923 | D:5      | Found Zeboti's Book Boutique.
  4937 | D:5      | Noticed Eustachio
  4958 | D:5      | Killed Eustachio
  5109 | D:5      | Reached skill level 5 in Transmutations
  5415 | D:5      | Noticed Grinder
  5435 | D:5      | Killed Grinder
  5435 | D:5      | Reached skill level 5 in Unarmed Combat
  5435 | D:5      | Reached XP level 8. HP: 46/63 MP: 12/15
  5675 | D:5      | Found Xerhiof's Gadget Emporium.
  5677 | D:5      | Reached skill level 5 in Spellcasting
  6216 | D:5      | Reached skill level 6 in Transmutations
  6331 | D:6      | Learned a level 4 spell: Ice Form
  6383 | D:6      | Found a shadowy altar of Dithmenos.
  7030 | D:6      | Reached XP level 9. HP: 72/72 MP: 13/17
  7368 | D:7      | Found Gacrur's Jewellery Shoppe.
  7486 | D:7      | Reached skill level 7 in Transmutations
  7530 | D:7      | Reached skill level 5 in Fighting
  7812 | D:7      | Found a staircase to the Ecumenical Temple.
  7980 | Temple   | Entered the Ecumenical Temple
  8228 | Temple   | Became a worshipper of Uskayaw the Reveler
  8280 | D:8      | Reached * piety under Uskayaw
  8292 | D:8      | Noticed Pikel
  8308 | D:8      | Reached ** piety under Uskayaw
  8311 | D:8      | Killed Pikel
  8311 | D:8      | Reached *** piety under Uskayaw
  8312 | D:8      | Reached skill level 5 in Dodging
  8312 | D:8      | Reached **** piety under Uskayaw
  8323 | D:8      | Reached ***** piety under Uskayaw
  8598 | D:8      | Gained mutation: Your flesh is very cold resistant. (rC++) [mutagenic meat]
  8601 | D:8      | Lost mutation: Your flesh is very cold resistant. (rC++) [mutagenic meat]
  8604 | D:8      | Gained mutation: You are weak. (Str -2) [mutagenic meat]
  8610 | D:8      | Gained mutation: Your spells are a little harder to cast, but a little more powerful. [mutagenic meat]
  8918 | D:8      | Reached skill level 8 in Transmutations
  9372 | D:9      | Reached XP level 10. HP: 64/83 MP: 9/20
  9393 | D:9      | Lost mutation: Your spells are a little harder to cast, but a little more powerful. [potion of cure mutation]
  9393 | D:9      | Lost mutation: You are weak. (Str -2) [potion of cure mutation]
  9695 | D:9      | Found a staircase to the Lair.
  9695 | D:9      | Noticed an elephant
  9723 | D:9      | Killed an elephant
  9878 | D:9      | Noticed Psyche
  9883 | D:9      | Killed Psyche
 10199 | D:10     | Entered Level 10 of the Dungeon
 10374 | D:10     | HP: 2/84 [something (4)]
 10392 | D:10     | Noticed a hill giant
 10409 | D:10     | Noticed a hill giant
 10439 | D:10     | Found a staircase to the Orcish Mines.
 10812 | D:10     | Noticed a red ugly thing
 10817 | D:10     | Killed a hill giant
 10817 | D:10     | Reached skill level 9 in Transmutations
 11099 | Lair:1   | Entered Level 1 of the Lair of Beasts
 11240 | Lair:1   | Noticed a spiny frog
 11254 | Lair:1   | HP: 1/100 [spiny frog (10)]
 11255 | Lair:1   | Killed a spiny frog
 11683 | Lair:1   | Noticed a black mamba
 11693 | Lair:1   | Killed a black mamba
 11718 | Lair:1   | Reached XP level 11. HP: 76/92 MP: 17/23
 11821 | Lair:1   | HP: 4/92 [poisoned by a black mamba]
 11826 | Lair:1   | HP: 3/92 [poisoned by a black mamba]
 11834 | Lair:1   | HP: 3/92 [poisoned by a black mamba]
 11842 | Lair:1   | HP: 3/92 [poisoned by a black mamba]
 12388 | Lair:1   | Reached skill level 10 in Transmutations
 13207 | Lair:2   | Found a dark tunnel.
 13221 | Volcano  | Entered a volcano
 13308 | Volcano  | Noticed an ogre mage
 13308 | Volcano  | Noticed a hill giant
 13309 | Volcano  | Noticed a hill giant
 13314 | Volcano  | Killed a hill giant
 13320 | Volcano  | Killed a hill giant
 13320 | Volcano  | Reached skill level 1 in Invocations
 13322 | Volcano  | Found a bloodstained altar of Trog.
 13323 | Volcano  | Killed from afar by an ogre mage

Vault maps used:
D:1:      dpeg_arrival_arbitrary_a, kennysheep_crisscross
D:3:      first_bread, st_stairs_4, bloody_makhleb, uniq_terence, uniq_jessica,
          uniq_sigmund
D:4:      serial_shops, nicolae_shop_crystal, st_stairs_14, uniq_duvessa
D:5:      serial_shops, shop_fountains, shop, uniq_eustachio, uniq_grinder
D:6:      grunt_dithmenos_smoke
D:7:      serial_shops, shop
D:8:      kennysheep_ambush_hall, uniq_pikel
D:9:      david_lair_generic, grunt_livestock, uniq_psyche
D:10:     boulder_corridor_run, orc_0_dummy
Temple:   nicolae_temple_the_god_donut
Lair:1:   hibernation_bobbens, grunt_megastairs_3, serial_bayou_shore_b,
          infiniplex_staircase_pool
Lair:2:   enter_volcano_3
Volcano:  volcano_grotto

Skill      XL: |  1  2  3  4  5  6  7  8  9 10 11 |
---------------+----------------------------------+-----
Dodging        | 2 3 4 5 6 |  6.7
Transmutations | 3 4 5 6 8 9 10 | 10.3
Spellcasting   | 3 4 5 7 8 9 |  9.1
Fighting       | 2 3 4 5 7 |  7.6
Unarmed Combat | 4 5 6 7 |  7.7
Invocations    | 1 |  1.2

Action                   |  1- 3 |  4- 6 |  7- 9 | 10-12 || total
-------------------------+-------+-------+-------+-------++-------
Melee: Unarmed           |   143 |   155 |   489 |   261 ||  1048
       Tailslap          |    16 |     8 |    64 |    24 ||   112
       Punch             |     5 |     2 |     9 |     7 ||    23
 Cast: Spider Form       |     1 |     8 |     9 |       ||    18
       Blade Hands       |       |       |     5 |    20 ||    25
       Ice Form          |       |       |       |     6 ||     6
 Abil: Breathe Frost     |       |       |    13 |     7 ||    20
  Use: Scroll            |     4 |     1 |     7 |    15 ||    27
       Potion            |       |     1 |       |     8 ||     9
 Stab: Paralysed         |       |       |     4 |    15 ||    19
       Sleeping          |       |       |       |     2 ||     2
  Eat: Chunk             |     3 |     8 |    28 |     8 ||    47
       Beef jerky        |       |       |       |     5 ||     5
       Fruit             |       |       |       |     1 ||     1
       Meat ration       |       |       |       |     1 ||     1
Armor: Skin              |    37 |    32 |   129 |    58 ||   256
Dodge: Dodged            |    66 |   127 |   302 |   179 ||   674
Block: Other             |       |       |    54 |    80 ||   134
       Reflection        |       |       |     3 |     3 ||     6
